 Dungeon Crawl Stone Soup version 0.28.0-53-g5a82cb258f (webtiles) character file.

Game seed: 7950843651938390705

1870 ZappyNine the Shield-Bearer (level 9, -4/73 HPs)
             Began as a Gnoll Fighter on May 23, 2022.
             Killed from afar by an acid dragon (21 damage)
             ... with a splash of acid
             ... on level 6 of the Dungeon on May 24, 2022.
             The game lasted 00:11:00 (6441 turns).

ZappyNine the Shield-Bearer (Gnoll Fighter)         Turns: 6441, Time: 00:11:01

Health: -4/73      AC:  5    Str: 17    XL:     9   Next: 13%
Magic:  14/14      EV: 11    Int: 11    God:
Gold:   235        SH:  6    Dex: 17    Spells: 14/15 levels left

rFire   . . .      SeeInvis .   a - +1 war axe (vorpal)
rCold   . . .      Faith    .   c - +0 buckler
rNeg    . . .      Spirit   .   b - +0 scale mail
rPois   .          Reflect  .   (no helmet)
rElec   .          Harm     .   d - +0 cloak {Will+}
rCorr   .          Rampage  .   (no gloves)
Will    +....                   (no boots)
Stlth   +.........              j - amulet of the acrobat
HPRegen 0.22/turn               t - +6 ring of dexterity
MPRegen 0.14/turn               (no ring)

@: corroded
A: fangs 1, strong nose, distributed training
a: no special abilities


You were on level 6 of the Dungeon.
You visited 1 branch of the dungeon, and saw 6 of its levels.
You also visited: Sewer.

You collected 235 gold pieces.

Inventory:

Hand Weapons
 a - a +1 vorpal war axe (weapon)
Armour
 b - a +0 scale mail (worn)
 c - a +0 buckler (worn)
 d - a +0 cloak of willpower (worn)
 q - a +0 kite shield
 w - a +0 troll leather armour {Pargi}
Jewellery
 j - an amulet of the acrobat (around neck)
 t - a +6 ring of dexterity (left hand)
Wands
 k - a wand of digging (4)
 s - a wand of iceblast (5)
 B - a wand of mindburst (6)
Scrolls
 e - 5 scrolls of identify
 h - 2 scrolls of magic mapping
 n - 2 scrolls of enchant armour {unknown}
 r - 3 scrolls of noise
 v - a scroll of brand weapon
 x - a scroll of vulnerability {unknown}
 y - a scroll of enchant weapon
 z - a scroll of blinking {unknown}
Potions
 f - a potion of haste {unknown}
 g - 2 potions of invisibility
 i - 2 potions of attraction {unknown}
 l - 2 potions of heal wounds {unknown}
 m - a potion of might
 o - 3 potions of curing {unknown}
 p - 4 potions of degeneration
 u - a potion of cancellation {unknown}
 A - a potion of flight {unknown}


   Skills:
 + Level 7.7 Fighting
 + Level 3.9 Short Blades
 + Level 3.9 Long Blades
 + Level 6.1 Axes
 + Level 3.9 Maces & Flails
 + Level 3.9 Polearms
 + Level 3.9 Staves
 + Level 3.9 Slings
 + Level 3.9 Bows
 + Level 3.9 Crossbows
 + Level 3.9 Throwing
 + Level 7.7 Armour
 + Level 3.9 Dodging
 + Level 3.9 Stealth
 + Level 7.7 Shields
 + Level 3.9 Unarmed Combat
 + Level 3.9 Spellcasting
 + Level 3.2 Conjurations
 + Level 3.2 Hexes
 + Level 3.2 Summonings
 + Level 3.2 Necromancy
 + Level 3.2 Translocations
 + Level 3.2 Transmutations
 + Level 3.2 Fire Magic
 + Level 3.2 Ice Magic
 + Level 3.2 Air Magic
 + Level 3.2 Earth Magic
 + Level 3.2 Poison Magic
 + Level 4.3 Invocations
 + Level 3.9 Evocations


You had 14 spell levels left.
You knew the following spells:

 Your Spells              Type           Power      Damage    Failure   Level
a - Shock                 Conj/Air       36%        1d5       22%         1

Your spell library contained the following spells:

 Spells                   Type           Power      Damage    Failure   Level
 Freeze                   Ice            36%        1d6       22%         1
 Ensorcelled Hibernation  Hex/Ice        18%        N/A       34%         2
 Conjure Flame            Conj/Fire      9%         6-21      56%         3
 Frozen Ramparts          Ice            18%        1d3       56%         3
 Ignite Poison            Fire/Tmut/Pois 9%         N/A       56%         3
 Spider Form              Tmut/Pois      9%         N/A       56%         3
 Anguish                  Hex/Necr       4%         N/A       92%         4
 Hailstorm                Conj/Ice       9%         3d4       92%         4
 Sticky Flame             Conj/Fire      9%         2d3       92%         4


Dungeon Overview and Level Annotations

Branches:
Dungeon (6/15)              Sewer (visited)
 Temple: D:4-7

Altars:
Cheibriados
Qazlal
Ru
Vehumet
Wu Jian

Shops:
D:5 =

Annotations:
D:5 1 runed translucent door, haplo13's ghost, novice DsHu


Innate Abilities, Weirdness & Mutations

You have very sharp teeth.
Your uncanny sense of smell can sniff out nearby items.
Your experience applies equally to all skills.


Message History

The splash of acid hits you!! The acid corrodes you!
You hit the acid dragon but do no damage.
The acid dragon is moderately wounded.
The acid dragon barely misses you.
The acid dragon claws you but does no damage.
You hit the acid dragon but do no damage.
The acid dragon is moderately wounded.
The acid dragon bites you. You block the acid dragon's attack.
You hit the acid dragon.
The acid dragon is heavily wounded.
The acid dragon bites you but does no damage.
The acid dragon barely misses you.
You hit the acid dragon.
The acid dragon is severely wounded.
The acid dragon spits acid at you. The splash of acid hits you!!
The acid dragon misses you. The acid dragon claws you.
* * * LOW HITPOINT WARNING * * *
You are too injured to fight recklessly!
You are too injured to fight recklessly!
You are too injured to fight recklessly!
You are too injured to fight recklessly!
You are too injured to fight recklessly!
You are too injured to fight recklessly!
You are too injured to fight recklessly!
You are too injured to fight recklessly!
You are too injured to fight recklessly!
You are too injured to fight recklessly!
You hit the acid dragon but do no damage.
The acid dragon is severely wounded.
The acid dragon closely misses you. The acid dragon claws you.
* * * LOW HITPOINT WARNING * * *
You hit the acid dragon but do no damage.
The acid dragon is severely wounded.
You block the acid dragon's attack. The acid dragon closely misses you.
You hit the acid dragon but do no damage.
The acid dragon is severely wounded.
The acid dragon spits acid at you. The splash of acid hits you!!
You die...

#
....###########
......D@......#
....#########.#
. #.# #.#
##.###### ##+#
#.......#
##...##
#..####.#
##.....##
##....##.#
##.....).##
##..##.##.#


You could see an acid dragon (catching breath).

Vanquished Creatures
  A water moccasin (D:6)
  A black bear (D:6)
  Pargi (Sewer)
  2 sky beasts (D:5)
  A necrophage (D:6)
  3 ogres
  A centaur (D:5)
  2 water moccasin zombies (D:5)
  A water moccasin skeleton (D:5)
  A bullfrog zombie (D:5)
  A jelly (D:5)
  A centaur zombie (D:6)
  Crazy Yiuf (D:2)
  2 orc priests (D:4)
  Ijyb (D:3)
  A gnoll shaman (D:6)
  2 scorpion zombies (D:5)
  4 iguanas
  3 orc wizards
  A killer bee zombie (D:6)
  A hound zombie (D:5)
  A hound skeleton (D:5)
  3 gnolls (D:6)
  A howler monkey skeleton (D:5)
  12 adders
  2 river rats (D:4)
  A shadow imp (D:6)
  An ufetubus (D:4)
  An adder zombie (D:5)
  2 adder skeletons (D:5)
  4 worms
  2 dart slugs
  13 orcs
  14 ball pythons
  7 endoplasms
  5 giant cockroaches
  10 goblins
  6 hobgoblins
  6 jackals
  11 kobolds
  4 quokkas
  8 bats
  2 frilled lizards (Sewer)
  5 rats
153 creatures vanquished.

Vanquished Creatures (others)
  2 ball pythons (D:3)
  A withered plant (D:5)
3 creatures vanquished.

Grand Total: 156 creatures vanquished

Notes
Turn   | Place    | Note
-------+----------+-------------------------------------------
     0 | D:1      | ZappyNine the Gnoll Fighter began the quest for the Orb.
     0 | D:1      | Reached XP level 1. HP: 23/23 MP: 1/1
   153 | D:1      | Reached XP level 2. HP: 28/29 MP: 2/2
   359 | D:1      | Reached XP level 3. HP: 35/35 MP: 3/3
   715 | D:1      | Reached skill level 1 in Invocations
  1103 | D:2      | Reached skill level 1 in Short Blades
  1103 | D:2      | Reached skill level 1 in Long Blades
  1103 | D:2      | Reached skill level 1 in Maces & Flails
  1103 | D:2      | Reached skill level 1 in Polearms
  1103 | D:2      | Reached skill level 1 in Staves
  1103 | D:2      | Reached skill level 1 in Slings
  1103 | D:2      | Reached skill level 1 in Bows
  1103 | D:2      | Reached skill level 1 in Crossbows
  1103 | D:2      | Reached skill level 1 in Throwing
  1103 | D:2      | Reached skill level 1 in Dodging
  1103 | D:2      | Reached skill level 1 in Stealth
  1103 | D:2      | Reached skill level 1 in Unarmed Combat
  1103 | D:2      | Reached skill level 1 in Spellcasting
  1103 | D:2      | Reached skill level 1 in Evocations
  1264 | D:2      | Reached XP level 4. HP: 37/41 MP: 5/5
  1362 | D:2      | Found a faded altar of an unknown god.
  1370 | D:2      | Got Plato's Disquisition on Attacks
  1597 | D:2      | Found a runed translucent door.
  1598 | D:2      | Noticed Crazy Yiuf
  1764 | D:2      | Killed Crazy Yiuf
  1765 | D:2      | Reached skill level 1 in Conjurations
  1765 | D:2      | Reached skill level 1 in Hexes
  1765 | D:2      | Reached skill level 1 in Summonings
  1765 | D:2      | Reached skill level 1 in Necromancy
  1765 | D:2      | Reached skill level 1 in Translocations
  1765 | D:2      | Reached skill level 1 in Transmutations
  1765 | D:2      | Reached skill level 1 in Fire Magic
  1765 | D:2      | Reached skill level 1 in Ice Magic
  1765 | D:2      | Reached skill level 1 in Air Magic
  1765 | D:2      | Reached skill level 1 in Earth Magic
  1765 | D:2      | Reached skill level 1 in Poison Magic
  1861 | D:3      | Reached XP level 5. HP: 47/47 MP: 6/6
  1944 | D:3      | Found a radiant altar of Vehumet.
  2223 | D:3      | Noticed Ijyb
  2784 | D:3      | Killed Ijyb
  2908 | D:3      | Found a snail-covered altar of Cheibriados.
  3107 | D:4      | Reached XP level 6. HP: 53/53 MP: 8/8
  3413 | D:4      | Found a glowing drain.
  3420 | Sewer    | Entered a sewer
  3553 | Sewer    | Noticed Pargi
  3566 | Sewer    | Reached skill level 5 in Axes
  3576 | Sewer    | Killed Pargi
  3955 | D:4      | Reached XP level 7. HP: 18/59 MP: 10/10
  4373 | D:5      | Entered Level 5 of the Dungeon
  4719 | D:5      | Found Yqotoud's Jewellery Shoppe.
  4780 | D:5      | Reached XP level 8. HP: 51/67 MP: 12/12
  5256 | D:5      | Found an ornate altar of the Wu Jian Council.
  5844 | D:5      | Found a runed translucent door.
  5845 | D:5      | Noticed haplo13's ghost (novice DsHu)
  5934 | D:5      | Found a stormy altar of Qazlal.
  6206 | D:6      | Reached XP level 9. HP: 65/72 MP: 14/14
  6221 | D:6      | Learned a level 1 spell: Shock
  6370 | D:6      | Found a sacrificial altar of Ru.
  6441 | D:6      | Killed from afar by an acid dragon

Illustrated notes

Levels and vault maps discovered:
D:1:      amcnicky_arrival_gap_in_the_tavern_cellar, layout_basic
D:2:      layout_loops_ring, shapermc_ecumenical_altar_rom_forum,
          uniq_crazy_yiuf_cottage
D:3:      layout_rooms, cheibriados_altar_1, nicolae_vehumet_altar_sigil,
          uniq_ijyb
D:4:      layout_loops_ring, lightli_sewer_entry_pipes,
          kennysheep_generic_room_5
D:5:      layout_rooms, lemuel_crystal_altar, mainiacjoe_overflow_alcove_2,
          serial_undead, serial_undead_a, serial_undead_c, serial_undead_e,
          serial_undead_a, serial_undead_b, ebering_ghost_inner_flame,
          minmay_shop_enchanted_jewellery, hangedman_decor_points
D:6:      layout_loops_corners, hangedman_ru_absence,
          minmay_temple_entry_poolview, uniq_prince_ribbit1, uniq_blork_the_orc

Skill      XL: |  1  2  3  4  5  6  7  8 |
---------------+-------------------------+-----
Invocations    | 1 2 3 4 |  4.3
Short Blades   | 1 2 3 |  3.9
Long Blades    | 1 2 3 |  3.9
Maces & Flails | 1 2 3 |  3.9
Polearms       | 1 2 3 |  3.9
Staves         | 1 2 3 |  3.9
Slings         | 1 2 3 |  3.9
Bows           | 1 2 3 |  3.9
Crossbows      | 1 2 3 |  3.9
Throwing       | 1 2 3 |  3.9
Dodging        | 1 2 3 |  3.9
Stealth        | 1 2 3 |  3.9
Unarmed Combat | 1 2 3 |  3.9
Spellcasting   | 1 2 3 |  3.9
Evocations     | 1 2 3 |  3.9
Conjurations   | 1 2 3 |  3.2
Hexes          | 1 2 3 |  3.2
Summonings     | 1 2 3 |  3.2
Necromancy     | 1 2 3 |  3.2
Translocations | 1 2 3 |  3.2
Transmutations | 1 2 3 |  3.2
Fire Magic     | 1 2 3 |  3.2
Ice Magic      | 1 2 3 |  3.2
Air Magic      | 1 2 3 |  3.2
Earth Magic    | 1 2 3 |  3.2
Poison Magic   | 1 2 3 |  3.2
Axes           | 5 6 |  6.1
Fighting       | 7 |  7.7
Armour         | 7 |  7.7
Shields        | 7 |  7.7

Action                   |  1- 3 |  4- 6 |  7- 9 || total
-------------------------+-------+-------+-------++-------
Melee: War axe           |    70 |   228 |   193 ||   491
       Bite              |     5 |    21 |    23 ||    49
 Cast: Shock             |       |       |     6 ||     6
  Use: Potion            |       |     2 |       ||     2
       Scroll            |       |     8 |       ||     8
 Stab: Invisible         |       |     2 |       ||     2
       Sleeping          |       |       |     1 ||     1
Armor: Scale mail        |    31 |   116 |    96 ||   243
Dodge: Dodged            |    20 |   109 |    99 ||   228
Block: Buckler           |    24 |    17 |    11 ||    52
       Kite shield       |       |   116 |   131 ||   247
